 Dungeon Crawl Stone Soup version 0.31.0-11-ge490571c62 (webtiles) character file.

Game seed: 9081281908308850154

67 qw the Shooter (level 3, 0/18 HPs)
             Began as a Spriggan Hunter on Feb 3, 2024.
             Succumbed to an adder's poison
             ... on level 3 of the Dungeon.
             The game lasted 00:00:04 (1326 turns).

qw the Shooter (Spriggan Hunter)                    Turns: 1326, Time: 00:00:05

Health: 0/18       AC:  2    Str:  7    XL:     3   Next: 98%
Magic:  4/4        EV: 19    Int: 10    God:
Gold:   55         SH:  0    Dex: 20    Spells: 2/2 levels left

rFire   . . .        a - +0 shortbow
rCold   . . .        (shield currently unavailable)
rNeg    . . .        c - +0 robe
rPois   .            (helmet restricted)
rElec   .            (no cloak)
rCorr   .            (gloves unavailable)
SInv    +            (boots unavailable)
Will    .....        (no amulet)
Stlth   ++           (no ring)
HPRegen 0.23/turn    (no ring)
MPRegen 0.09/turn

%: no passive effects
@: lethally poisoned (0 -> -2), very quick
A: very small, no large weapons, unfitting armour, see invisible, speed 3
a: no special abilities


You were on level 3 of the Dungeon.
You visited 1 branch of the dungeon, and saw 3 of its levels.

You collected 110 gold pieces.
You spent 55 gold pieces at shops.


Innate Abilities, Weirdness & Mutations

You are very small and have problems with some larger weapons.
You are too small for most types of armour.
You have supernaturally acute eyesight. (SInv)
You cover ground extremely quickly. (Speed+++)


   Skills:
 - Level 1.5 Fighting
 - Level 5.0 Ranged Weapons
 + Level 4.1 Dodging
 - Level 1.5 Stealth


You had 2 spell levels left.
You didn't know any spells.
Your spell library was empty.

Inventory:

Hand Weapons
 a - a +0 shortbow (weapon)
Armour
 c - a +0 robe (worn)
Potions
 d - a potion of curing
 e - a potion of enlightenment
 f - a potion of haste {unknown}
 i - a potion of attraction {unknown}
 j - a potion of invisibility {unknown}

Dungeon Overview and Level Annotations

Branches:
Dungeon (3/15)

Altars:

Shops:
D:1 *?=([


Message History

A dart slug is nearby!
You shoot an arrow. The arrow hits the dart slug!
You kill the dart slug!
You start resting.
HP restored.
You now have enough gold to buy 2 metallic grey potions on D:1.
You can access your shopping list by pressing '$'.
You now have 55 gold pieces (gained 13).
You open the door.
An adder comes into view.
You shoot an arrow.
The arrow hits the adder but does no damage.
The adder hisses angrily.
You shoot an arrow. The arrow closely misses the adder.
The adder bites you.
You are poisoned.
The adder poisons you! The adder barely misses you.
You shoot an arrow. The arrow closely misses the adder.
You feel sick. The adder completely misses you.
You shoot an arrow. The arrow hits the adder!
The adder is almost dead.
You feel sick. The adder bites you. x2
You are more poisoned.
The adder poisons you!
You shoot an arrow. The arrow closely misses the adder.
You feel very sick. The adder bites you.
You shoot an arrow. The arrow barely misses the adder.
You feel sick. The adder closely misses you.
You shoot an arrow. The arrow hits the adder.
The adder is almost dead.
You feel sick. The adder misses you. The adder bites you but does no damage.
You shoot an arrow. The arrow barely misses the adder.
You feel sick. The adder bites you. The adder misses you.
You shoot an arrow.
The arrow hits the adder but does no damage.
The adder is almost dead.
You feel sick. The adder completely misses you.
You shoot an arrow. The arrow misses the adder.
You die...

###+###
.....
... #+#
#S#
#.###@#
#.#...#
.####
#...###
...<#
#..##
.##.#
###..###
. #.##
#......#
#.#..#
#.####.#
#.##.#
#.# .#
#..#.#
#.## #


You could see an adder.

Vanquished Creatures
  2 adders (D:2)
  3 dart slugs
  A ribbon worm (D:2)
  7 ball pythons
  4 endoplasms
  2 giant cockroaches (D:2)
  5 goblins
  A hobgoblin (D:1)
  2 jackals (D:1)
  2 kobolds (D:1)
  4 quokkas (D:1)
  2 bats
  A frilled lizard (D:1)
  2 rats (D:2)
38 creatures vanquished.

Notes
Turn   | Place    | Note
-------+----------+-------------------------------------------
     0 | D:1      | qw the Spriggan Hunter began the quest for the Orb.
     0 | D:1      | Reached XP level 1. HP: 10/10 MP: 2/2
     0 | D:1      | 0 ||| qw: Version: 0.3-a-155-g5e7d8dd
     0 | D:1      | 0 ||| qw: Game counter: 3126
     0 | D:1      | 0 ||| qw: Melee chars always use a shield: true
     0 | D:1      | 0 ||| qw: God list: Okawaru
     0 | D:1      | 0 ||| qw: Allow faded altars: false
     0 | D:1      | 0 ||| qw: Do Orc after clearing Dungeon:15 true
     0 | D:1      | 0 ||| qw: Do second Lair branch before Depths: true
     0 | D:1      | 0 ||| qw: Lair rune preference: random
     0 | D:1      | 0 ||| qw: Goals: Normal
     0 | D:1      | 0 ||| PLANNING D:1-11
    10 | D:1      | Reached skill level 3 in Dodging
    31 | D:1      | Reached XP level 2. HP: 14/14 MP: 3/3
   100 | D:1      | Found Caezaaf's Weapon Boutique.
   112 | D:1      | 112 ||| SHOPLISTING +0 shortbow of freezing (103 gold, have
                  | 11).
   112 | D:1      | 112 ||| SHOPLISTING +0 sling of Vaom {heavy, rC+ Str+3
                  | Int+3 Dex+2} (469 gold, have 11).
   191 | D:1      | Found Emupnuda's Antique Armour Shop.
   194 | D:1      | 194 ||| SHOPLISTING glowing robe (77 gold, have 50).
   241 | D:1      | Found Xaqiwnir's Jewellery Shoppe.
   248 | D:1      | 248 ||| SHOPLISTING +6 ring of strength (396 gold, have
                  | 50).
   248 | D:1      | 248 ||| SHOPLISTING amulet of guardian spirit (330 gold,
                  | have 50).
   248 | D:1      | 248 ||| SHOPLISTING amulet of reflection (330 gold, have
                  | 50).
   248 | D:1      | 248 ||| SHOPLISTING amulet of the acrobat (330 gold, have
                  | 50).
   248 | D:1      | 248 ||| SHOPLISTING ring "Biakeima" {rElec rF+ Will- Str+6
                  | SInv} (488 gold, have 50).
   248 | D:1      | 248 ||| SHOPLISTING ring of fire (275 gold, have 50).
   248 | D:1      | 248 ||| SHOPLISTING ring of resist corrosion (220 gold,
                  | have 50).
   250 | D:1      | Found Buew's Magic Scroll Shoppe.
   258 | D:1      | 258 ||| BUYING scroll of identify (28 gold).
   258 | D:1      | Bought a scroll of identify for 28 gold pieces
   258 | D:1      | 258 ||| SHOPLISTING scroll of teleportation (42 gold, have
                  | 22).
   315 | D:1      | Found Godon's Assorted Antiques.
   327 | D:1      | 327 ||| SHOPLISTING 2 metallic grey potions (54 gold, have
                  | 39).
   327 | D:1      | 327 ||| BUYING bubbling clear potion (27 gold).
   327 | D:1      | Bought a bubbling clear potion for 27 gold pieces
   327 | D:1      | 327 ||| SHOPLISTING scroll of identify (60 gold, have 12).
   327 | D:1      | 327 ||| SHOPLISTING viscous yellow potion (27 gold, have
                  | 12).
   429 | D:1      | Reached XP level 3. HP: 18/18 MP: 4/4
   526 | D:1      | 526 ||| READING scroll of identify.
   526 | D:1      | 526 ||| IDENTIFYING dark potion
   527 | D:1      | 527 ||| READING scroll labelled KEICWA VESHRAS.
   528 | D:1      | 528 ||| READING scroll labelled VITUTIFFEY.
   532 | D:1      | 532 ||| DROPPING scroll of butterflies.
   906 | D:2      | Reached skill level 5 in Ranged Weapons
  1217 | D:2      | 1217 ||| READING 2 scrolls of identify.
  1217 | D:2      | 1217 ||| IDENTIFYING orange potion
  1218 | D:2      | 1218 ||| READING scroll of identify.
  1218 | D:2      | 1218 ||| IDENTIFYING purple potion
  1219 | D:2      | 1219 ||| DROPPING potion of ambrosia.
  1283 | D:3      | 1283 ||| FLEEEEING.
  1323 | D:3      | HP: 3/18 [poisoned by an adder]
  1324 | D:3      | HP: 1/18 [adder (1)]
  1326 | D:3      | Succumbed to an adder's poison

Levels and vault maps discovered:
D:1:      lightli_molten_gateway, layout_basic, serial_shops,
          nicolae_diamond_shop, shop, nicolae_shop_crystal, nicolae_square_shop,
          nicolae_shop_statue_plus, hangedman_feature_mirror,
          minmay_misc_feat_enclosed
D:2:      layout_loops_ring
D:3:      layout_rooms, mainiacjoe_overflow_24_doors, old_standard_altar,
          minmay_misc_feat_tower, grunt_decor_arrowhead, uniq_natasha,
          uniq_terence

Skill      XL: |  1  2  3 |
---------------+----------+-----
Dodging        | 3 4 |  4.1
Ranged Weapons | 5 |  5.0
Fighting       | |  1.5
Stealth        | |  1.5

Action                     || total
---------------------------++-------
   Fire: Shortbow          ||    89
    Use: Scroll            ||     5
 Armour: Robe              ||    11
  Dodge: Dodged            ||    24

Table legend:
 A = Non-vault XP
 B = Vault XP
 C = Vault XP percentage of total XP
 D = Non-vault monster count
 E = Vault monster count
 F = Vault count percentage of total count
                 A         B        C        D         E       F
            +---------+---------+-------+---------+---------+-------
      Total |      89 |       7 |   7.3 |      34 |       4 |  10.5
            +---------+---------+-------+---------+---------+-------
        D:1 |      35 |       7 |  16.7 |      18 |       4 |  18.2
        D:2 |      49 |       0 |   0.0 |      14 |       0 |   0.0
        D:3 |       5 |       0 |   0.0 |       2 |       0 |   0.0
            +---------+---------+-------+---------+---------+-------
